 Dungeon Crawl Stone Soup version 0.20-a0-1127-g1289703 (webtiles) character file.

1551 Manul the Grappler (level 8, -1/78 HPs)
             Began as a Troll Monk on May 18, 2017.
             Slain by a two-headed ogre
             ... wielding a +0 giant club
              (19 damage)
             ... on level 6 of the Dungeon.
             The game lasted 00:06:59 (5104 turns).

Manul the Grappler (Troll Monk)                     Turns: 5104, Time: 00:07:00

Health: -1/78      AC:  6    Str: 21    XL:     8   Next: 57%
Magic:  7/7        EV: 12    Int:  7    God:
Gold:   272        SH:  0    Dex: 12    Spells: 7/7 levels left

rFire    . . .     SeeInvis .     - Unarmed
rCold    . . .     Gourm    +   (no shield)
rNeg     . . .     Faith    .   a - +1 robe
rPois    .         Spirit   .   (helmet restricted)
rElec    .         Reflect  .   (no cloak)
rCorr    .         Harm     .   (gloves unavailable)
MR       .....                  (boots unavailable)
Stlth    ++........             (no amulet)
Regen    0.7/turn               (no ring)
MPRegen  0.1/turn               (no ring)

@: hasted, very quick
A: unfitting armour, claws 3, fast metabolism 3, gourmand, regeneration 1,
shaggy fur 1, tough skin 2
a: no special abilities


You were on level 6 of the Dungeon.
You were very full.

You visited 2 branches of the dungeon, and saw 7 of its levels.

You collected 272 gold pieces.

Inventory:

Armour
 a - a +1 robe (worn)
Wands
 u - a wand of disintegration (6/24)
Scrolls
 e - a scroll of recharging {unknown}
 i - a scroll of blinking {unknown}
 j - 2 scrolls of amnesia
 k - a scroll of enchant weapon {unknown}
 r - 3 scrolls of remove curse
 t - a scroll of fog {unknown}
Potions
 c - a potion of might {unknown}
 f - 3 potions of curing
 l - a potion of lignification
 n - a potion of agility {unknown}
 p - a potion of ambrosia
 q - a potion of brilliance
Comestibles
 b - 7 bread rations
 g - 3 fruits
 m - 4 meat rations


   Skills:
 + Level 3.8 Fighting
 + Level 4.7 Dodging
 - Level 2.2 Stealth
 + Level 8.9 Unarmed Combat


You had 7 spell levels left.
You didn't know any spells.

Dungeon Overview and Level Annotations

Branches:
Dungeon (6/15)             Temple (1/1) D:6

Altars:
Cheibriados
Dithmenos
Elyvilon
Fedhas
Gozag
Kikubaaqudgha
Makhleb
Nemelex Xobeh
Okawaru
Ru
Sif Muna
Trog
Uskayaw
Vehumet
Xom
Yredelemnul
Zin
The Shining One

Shops:
D:5 (


Innate Abilities, Weirdness & Mutations

You are too large for most types of armour.
You have claws for hands.
Your metabolism is lightning-fast.
You like to eat raw meat.
Your natural rate of healing is unusually fast.
You are covered in fur. (AC +1)
You have very tough skin. (AC +2)


Message History

Evoke which item? (* to show all) (? for menu, Esc to quit)
Aiming: Disintegrate
Press: ? - help, Shift-Dir - straight line, f/p - howler monkey
Aim: a howler monkey (severely wounded, catching its breath, chance to defeat MR: 73%)
The two-headed ogre resists with some effort.
This wand has 6 charges left.
You completely miss the two-headed ogre.
You claw the two-headed ogre!
The two-headed ogre is lightly wounded.
The two-headed ogre hits you with a giant club!
The two-headed ogre barely misses you.
You barely miss the two-headed ogre.
The two-headed ogre is lightly wounded.
The ball python closely misses you.
You feel yourself speed up.
A gnoll opens the door.
The howler monkey hoots and howls with incredible vigour!
The two-headed ogre hits you with a giant club!!
* * * LOW HITPOINT WARNING * * *
The two-headed ogre hits you with a giant club!!
You die...

#.......#........+......#......h
#.......#.W......#......#.....##
#.......#........#......#.....##
#.......#........#......#.....##
#.(.....##'###...# #.......
#######......##### #.......
#............#...# ... #.......
#.....§......#...# ... #.......
#.....§§.....'.@.# .... #.....##
#.......§...g#sOS#....! ########
#............##s##..... #.
#...)..#.......h....... #.
#......#..........##### #.
#......#..####''#### #.
#......####........## #.
#.......##..........## #.
#......##.........s.?## #.


You could see a two-headed ogre, 2 scorpions, a howler monkey, a gnoll and a
ball python.

Vanquished Creatures
  Duvessa (D:5)
  Edmund (D:3)
  A phantom (D:4)
  An orc warrior (D:5)
  An ogre (D:6)
  3 bullfrogs (D:6)
  Dowan (D:6)
  2 howler monkeys (D:5)
  2 crimson imps (D:5)
  3 hounds
  A jelly (D:5)
  3 orc priests (D:5)
  An orc wizard (D:5)
  2 iguanas
  7 worker ants
  A hound skeleton (D:4)
  A worker ant zombie (D:5)
  6 gnolls
  7 adders
  2 oozes
  An adder skeleton (D:4)
  An adder zombie (D:5)
  2 worms (D:3)
  4 leopard geckos
  7 orcs
  2 ball pythons
  3 giant cockroaches
  6 goblins
  4 hobgoblins
  2 jackals
  4 quokkas
  10 bats
  5 frilled lizards
  4 kobolds
  2 leopard gecko skeletons
  A quokka skeleton (D:5)
  10 rats
115 creatures vanquished.

Vanquished Creatures (others)
  A centaur (D:5)
  A hound (D:5)
  A jackal (D:5)
3 creatures vanquished.

Grand Total: 118 creatures vanquished

Notes
Turn   | Place    | Note
-------+----------+-------------------------------------------
     0 | D:1      | Manul the Troll Monk began the quest for the Orb.
     0 | D:1      | Reached XP level 1. HP: 22/22 MP: 0/0
    35 | D:1      | Reached XP level 2. HP: 29/29 MP: 1/1
   598 | D:2      | Found an opulent altar of Gozag.
   607 | D:2      | Reached XP level 3. HP: 34/36 MP: 2/2
   684 | D:2      | Found a white marble altar of Elyvilon.
   903 | D:2      | Reached skill level 4 in Unarmed Combat
  1232 | D:3      | Found a glowing golden altar of the Shining One.
  1232 | D:3      | Found an iron altar of Okawaru.
  1232 | D:3      | Found an ancient bone altar of Kikubaaqudgha.
  1431 | D:3      | Reached XP level 4. HP: 41/44 MP: 3/3
  1527 | D:3      | Found a hide-covered altar of Uskayaw.
  1938 | D:4      | Noticed Edmund
  1954 | D:3      | Killed Edmund
  1954 | D:3      | Reached skill level 5 in Unarmed Combat
  1954 | D:3      | Reached XP level 5. HP: 33/52 MP: 4/4
  2040 | D:4      | Reached XP level 6. HP: 56/59 MP: 5/5
  2055 | D:4      | Found a snail-covered altar of Cheibriados.
  2299 | D:4      | Found a shadowy altar of Dithmenos.
  2432 | D:4      | Reached skill level 6 in Unarmed Combat
  2649 | D:4      | Reached XP level 7. HP: 67/67 MP: 6/6
  2786 | D:5      | Entered Level 5 of the Dungeon
  2842 | D:5      | Found Qiodod's Antique Weapon Shop.
  2909 | D:5      | Found a shimmering altar of Xom.
  3751 | D:5      | Reached skill level 7 in Unarmed Combat
  4266 | D:6      | Noticed Dowan
  4273 | D:6      | Reached XP level 8. HP: 63/75 MP: 7/7
  4279 | D:6      | Killed Dowan
  4286 | D:6      | Noticed Duvessa
  4313 | D:5      | Killed Duvessa
  4313 | D:5      | Reached skill level 8 in Unarmed Combat
  4730 | D:6      | Found a staircase to the Ecumenical Temple.
  4746 | Temple   | Entered the Ecumenical Temple
  4998 | D:6      | Noticed a two-headed ogre
  5002 | D:6      | Found a bloodstained altar of Trog.
  5104 | D:6      | Slain by a two-headed ogre

Vault maps used:
D:1:      scummos_arrival_checkerplants
D:2:      wad_lake_hut, lemuel_crystal_altar, elyvilon_altar_4
D:3:      lemuel_doored_altar, gammafunk_temple_overflow_forgotten,
          roderic_lattice_a, minmay_misc_feat_ornament
D:4:      kennysheep_mini_moat, nicolae_dithmenos_the_darkroom, uniq_edmund
D:5:      serial_shops, shop, first_bread, serial_glass, glass_columns_a,
          glass_columns_b, xom_confusion_cloud
D:6:      kennysheep_big_flooded_room, lemuel_round_altar,
          kennysheep_little_box, minmay_temple_entry_purple_smoke,
          uniq_blork_the_orc, uniq_duvessa
Temple:   eino_wide_crystal_templ

Skill      XL: |  1  2  3  4  5  6  7  8 |
---------------+-------------------------+-----
Unarmed Combat | 4 5 6 7 8 |  8.9
Dodging        | 3 4 |  4.7
Fighting       | 3 |  3.8
Stealth        | 2 |  2.2

Action                   |  1- 3 |  4- 6 |  7- 9 || total
-------------------------+-------+-------+-------++-------
Melee: Unarmed           |    95 |   113 |   149 ||   357
       Punch             |       |     1 |     5 ||     6
Evoke: Wand              |       |       |     3 ||     3
  Use: Scroll            |       |       |     7 ||     7
       Potion            |       |       |     7 ||     7
 Stab: Sleeping          |     1 |     5 |     4 ||    10
       Distracted        |     1 |       |       ||     1
  Eat: Chunk             |    19 |    11 |    21 ||    51
Armor: Robe              |    29 |    20 |    28 ||    77
       Skin              |       |       |    11 ||    11
Dodge: Dodged            |    45 |    50 |    89 ||   184
